Workbook

Sheet PO
B2: MINISTERIO DE TRANSPORTE
B3: INSTITUTO NACIONAL DE VÍAS
B4: DIRECCIÓN TÉCNICA
B5: CONCURSO DE MERITOS
B6: CMA-DTE-SEP-192-2021
B7: INTERVENTORIA PARA LA ATENCION DE VIAS REGIONALES EN EL DEPARTAMENTO DE CAUCA CON OBRAS DE MEJORAMIENTO EN EL MARCO DEL PROGRAMA DE OBRA PUBLICA " VÍAS PARA LA CONEXIÓN DE TERRITORIOS, EL CRECIMIENTO SOSTENIBLE Y LA REACTIVACIÓN 2.0
B8: LOTE No. 3
B9: PRESUPUESTO OFICIAL | E9: PLAZO: | F9: HASTA EL 31 DE DICIEMBRE DE 2024
B11: CARGO / OFICIO | D11: COSTOS | E11: PRIMA | F11: PARTICIPACIÓN | G11: VALOR
D12: DE PERSONAL | E12: REGIONAL | F12: (h-mes) | G12: PARCIAL ($)
D13: (1) | E13: (2) | F13: (3) | G13: ((1)+(2))*(3) = (4)
C14: COSTOS DIRECTOS DE PERSONAL
C15: PERSONAL PROFESIONAL
C16: Director de Interventoría | D16: 6500000 | F16: 18 | G16: =+(D16+E16)*F16 -> 117000000
C17: Ingeniero Residente de Interventoría | D17: 5000000 | E17: 500000 | F17: 36 | G17: =+(D17+E17)*F17 -> 198000000
C18: Ingeniero Auxiliar de Interventoría | D18: 3200000 | E18: 300000 | F18: 30 | G18: =+(D18+E18)*F18 -> 105000000
C19: MONTO AGOTABLE DE ESPECIALISTAS (conforman esta bolsa los especialistas de amarillo) | G19: 60000000
C20: Especialista Ambiental | D20: 6000000
C21: Especialista en Geología y/o Geotecnia | D21: 6000000
C22: Especialista en Pavimentos y/o Vías | D22: 6000000
C23: Especialista en Estructuras | D23: 6000000
C24: Especialista en Hidráulica e Hidrología | D24: 6000000
C25: Especialista en Diseño Geométrico | D25: 6000000
C26: Especialista en Tránsito | D26: 6000000
C27: Especialista en Sostenibilidad | D27: 5000000
C28: Gerente de interventoria | D28: 5500000 | F28: 18 | G28: =+(D28+E28)*F28 -> 99000000
C29: Profesional Social | D29: 3500000 | F29: 11 | G29: =+(D29+E29)*F29 -> 38500000
C30: Profesional Ambiental | D30: 3500000 | F30: 11 | G30: =+(D30+E30)*F30 -> 38500000
C31: Profesional Técnico Predial | D31: 3500000 | F31: 3 | G31: =+(D31+E31)*F31 -> 10500000
C32: Profesional Valuatorio | D32: 3500000 | F32: 3 | G32: =+(D32+E32)*F32 -> 10500000
C33: Profesional de Aseguramiento o Gestión de la Calidad | D33: 3500000 | F33: 2 | G33: =+(D33+E33)*F33 -> 7000000
C34: Auditor de calidad | D34: 3500000 | F34: 2 | G34: =+(D34+E34)*F34 -> 7000000
C35: Abogado | D35: 5000000 | F35: 2 | G35: =+(D35+E35)*F35 -> 10000000
C36: PERSONAL TÉCNICO
C37: Inspector | D37: 2100000 | E37: 250000 | F37: 36 | G37: =+(D37+E37)*F37 -> 84600000
C38: Topógrafo Inspector | D38: 2200000 | E38: 250000 | F38: 36 | G38: =+(D38+E38)*F38 -> 88200000
C39: Laboratorista Inspector | D39: 2200000 | E39: 250000 | F39: 36 | G39: =+(D39+E39)*F39 -> 88200000
C40: PERSONAL AUXILIAR TÉCNICO
C41: Cadenero | D41: 1200000 | F41: 36 | G41: =+(D41+E41)*F41 -> 43200000
C42: PERSONAL ADMINISTRATIVO
C43: Secretaria | D43: 1150000 | F43: 36 | G43: =+(D43+E43)*F43 -> 41400000
C44: Conductor | D44: 1200000 | F44: 39 | G44: =+(D44+E44)*F44 -> 46800000
B45: OTROS COSTOS DE PERSONAL
C46: PROVISIÓN JORNADAS 7X24
C47: Provisión Jornadas 7X24 | F47: NO MODIFICAR | G47: 40000000
C48: SUBTOTAL COSTOS DE PERSONAL = SUMATORIA DE (4) = (5) | G48: =SUM(G16:G47) -> 1133400000
C49: FACTOR MULTIPLICADOR (6) | G49: 2.36 | H49: VALOR MÁXIMO
C50: SUBTOTAL COSTOS DE PERSONAL = (5) * (6) = (A) | G50: =ROUND(G48*G49,0) -> 2674824000
B51: CONCEPTO | D51: UNIDAD | E51: COSTO | F51: UTILIZACION | G51: VALOR
E52: ($) | G52: PARCIAL ($)
E53: (7) | F53: (8) | G53: (7)*(8) = (9)
C54: OTROS COSTOS DIRECTOS
C55: VIÁTICOS
C56: Viaticos Director y/o Especialistas | D56: Dia | E56: 220000 | F56: 206 | G56: =E56*F56 -> 45320000
C57: COSTOS DE ALQUILER DE EQUIPOS Y OFICINA
C58: Camioneta o Campero de más de 2000 c.c. (1): 4x4 (Incluye peajes y Combustible) El modelo del vehiculo ofrecido deberá corresponder a modelos 2015 o superior. | D58: Mes | E58: 4000000 | F58: =ROUND(36*0.8,0) -> 29 | G58: =E58*F58 -> 116000000
C59: Van de pasajeros (Entre 8 y 10 personas) (Incluye peajes y Combustible) El modelo del vehiculo ofrecido deberá corresponder a modelos 2015 o superior. | D59: Mes | E59: 5000000 | F59: 10 | G59: =E59*F59 -> 50000000
C60: Equipo completo de topografia | D60: Según comprobante por mes | E60: 2200000 | F60: 36 | G60: =E60*F60 -> 79200000
C61: Equipo completo de Laboratorio de Suelos, Materiales, Pavimentos y Concretos | D61: Según comprobante por mes | E61: 2500000 | F61: 36 | G61: =E61*F61 -> 90000000
C62: Oficina/Campamento (incluye dotación y servicios públicos) | D62: Según comprobante por mes | E62: 1200000 | F62: 36 | G62: =E62*F62 -> 43200000
C63: OTROS COSTOS
C64: Transportes aereos y/o terrestres (incluye peajes y combustible) | D64: Según comprobante por mes | E64: 2500000 | F64: 15 | G64: =+F64*E64 -> 37500000
C65: Edición de informes, papelería, reproducciòn de documentos, planos, fotografías, videos, etc. | D65: Según comprobante por mes | E65: 1000000 | F65: 36 | G65: =+F65*E65 -> 36000000
C66: Comunicaciones (telefonía fija y/o celular, fax,correo, internet, etc) | D66: Según comprobante por mes | E66: 1000000 | F66: 36 | G66: =+F66*E66 -> 36000000
C67: Elementos e insumos IMPLEMENTACIÓN PROTOCOLO DE BIOSEGURIDAD POR COVID -19 | D67: Según comprobante por mes | E67: =40000*(30) -> 1200000 | F67: 12 | G67: =+F67*E67 -> 14400000
C68: Veeduría Técnica Comunitaria | D68: Según comprobante por mes | E68: 200000 | F68: 35 | G68: =+F68*E68 -> 7000000
C69: SUBTOTAL OTROS COSTOS DIRECTOS = SUMATORIA DE (9) = (B) | G69: =SUM(G56:G68) -> 554620000
C70: SUBTOTAL COSTOS BASICOS = (A) + (B) = (C) | G70: =G50+G69 -> 3229444000
C71: PROVISIÓN PARA AJUSTES Y/O FRENTE ADICIONAL = D) | G71: 75841491
C72: SUBTOTAL COSTOS BASICOS = (C) + (D) = (E) | G72: =G70+G71 -> 3305285491
C73: IVA = 19% * (E) = (F) | G73: =ROUND(G72*19%,0) -> 628004243
C74: COSTO TOTAL = (E) + (F) | G74: =ROUND(G72+G73,0) -> 3933289734 | H74: 3933289734
B75: NOTAS: | H75: =+G74-H74 -> 0
B76: 1. El Personal con dedicación del 100% en la interventoria, debe permanecer de tiempo completo en el lugar de ejecución de la obra, so pena de incurrir en falta grave a sus obligaciones, con la consecuente aplicación de las sanciones establecidas contractualmente.
B77: 2. Para el reconocimiento de los gastos deberá tenerse en cuenta la forma de pago establecida en los estudios previos, pliego de condiciones y contrato y las indicaciones pertinentes del Manual de Interventoría vigente, o el que lo modifique o sustituya. Se tendrá en cuenta lo siguiente, según corresponda:
B78: 2.1. Los costos directos de personal deben estar soportados por la nómina firmada, los cuales se anexarán al acta de costos para el trámite correspondiente ante el Instituto.
B79: 2.2. Los viáticos se reconocerán según su utilización real y sin superar los topes fijados en el presupuesto de la oferta entregada por el adjudicatario. Se reconoceran viaticos a los Especialistas que ejecuten desplazamientos al lugar de ejecución del proyecto cuando sea requerido, previa autorización del Supervisor del Contrato de Interventoría; En los casos en que se requiera la presencia del Director de Interventoría en Planta Central de INVIAS Bogotá, se le reconocerán viáticos.
B80: 2.3. Para aquellos costos de interventoría que tengan como unidad "Según comprobante por mes", los mismos se reembolsarán según su costo real, contra la presentación de facturas y soportes respectivos.
B81: 2.4. Los gastos de transportes aéreos/terrestres (incluye peajes y combustible) solo se reconocerán aquellos que se originen por el desplazamiento del personal a la zona del proyecto.
B82: 2.5. Los gastos de transportes aéreos/terrestres (incluye peajes y combustible) se reconocerán para el Personal Director y/o Especialistas, previa autorización del Gestor de Técnico de Proyecto,
B83: 2.6.Los equipos e insumos técnicos solicitados se requieren como una herramienta de trabajo, por lo cual debe tenerlos el Interventor, para el desarrollo de sus actividades y se reconocen sus servicios al Invias dentro del ítem de “Oficina/Campamento (incluye dotación y servicios públicos)".
B84: 2.7. Para el caso del reembolso de los costos globales, es responsabilidad de la Interventoría el gasto racional de estos recursos, de acuerdo con las necesidades del proyecto dentro del plazo contractual.
B85: 2.8. Los valores que aparecen fijos e inmodificables, no podrán alterarse, de lo contrario, será causal de rechazo.
B86: 2.9. Los costos correspondientes a las jornadas adicionales cuando se programen jornadas de trabajo 7 días a la semana 24 horas diarias (7x24), serán pagados por la provisón contemplada en el presente formulario.
B87: 2.10. El Ingeniero Residente de Interventoría, Ingeniero Residente Auxiliar, Inspector, Topógrafo Inspector, Laboratorista Inspector tendrán Prima Técnica Regional.
... B95: FIRMAS:
B97: Nombre y firma del Representante Legal del Proponente | E97: Nombre del proponente

Sheet PLAN DE CARGAS
A1: MINISTERIO DE TRANSPORTE
A2: INSTITUTO NACIONAL DE VÍAS
A3: DIRECCIÓN TÉCNICA
A5: =+PO!B6 -> CMA-DTE-SEP-192-2021
A6: =+PO!$B$7 -> INTERVENTORIA PARA LA ATENCION DE VIAS REGIONALES EN EL DEPARTAMENTO DE CAUCA CON OBRAS DE MEJORAMIENTO EN EL MARCO DEL PROGRAMA DE OBRA PUBLICA " VÍAS PARA LA CONEXIÓN DE TERRITORIOS, EL CRECIMIENTO SOSTENIBLE Y LA REACTIVACIÓN 2.0
A8: CRONOGRAMA Y PLAN DE CARGAS
A11: ACTIVIDADES | B11: MES | E11: 1 | F11: MES | I11: =E11+1 -> 2 | J11: MES | M11: 3 | N11: MES | Q11: =M11+1 -> 4 | R11: MES | U11: 5 | V11: MES | Y11: =U11+1 -> 6 | Z11: MES | AC11: =+Y11+1 -> 7 | AD11: MES | AG11: =AC11+1 -> 8 | AH11: MES | AK11: =+AG11+1 -> 9 | AL11: MES | AO11: =AK11+1 -> 10 | AP11: MES | AS11: =+AO11+1 -> 11 | AT11: MES | AW11: =AS11+1 -> 12 | AX11: MES | BA11: =+AW11+1 -> 13 | BB11: MES | BE11: =BA11+1 -> 14 | BF11: MES | BI11: =+BE11+1 -> 15 | BJ11: MES | BM11: =BI11+1 -> 16 | BN11: MES | BQ11: =+BM11+1 -> 17 | BR11: MES | BU11: =BQ11+1 -> 18 | BV11: MES | BY11: =BU11+1 -> 19 | BZ11: MES | CC11: =BY11+1 -> 20 | CD11: MES | CG11: =CC11+1 -> 21 | CH11: MES | CK11: =CG11+1 -> 22 | CL11: MES | CO11: =CK11+1 -> 23 | CP11: MES | CS11: =CO11+1 -> 24 | CT11: MES | CW11: =CS11+1 -> 25 | CX11: MES | DA11: =CW11+1 -> 26 | DB11: MES | DE11: =DA11+1 -> 27 | DF11: MES | DI11: =DE11+1 -> 28 | DJ11: MES | DM11: =DI11+1 -> 29 | DN11: MES | DQ11: =DM11+1 -> 30 | DR11: MES | DU11: =DQ11+1 -> 31 | DV11: MES | DY11: =DU11+1 -> 32 | DZ11: MES | EC11: =DY11+1 -> 33 | ED11: MES | EG11: =EC11+1 -> 34 | EH11: MES | EK11: =EG11+1 -> 35 | EL11: MES | EO11: =EK11+1 -> 36 | EQ11: RESPONSABLE | ER11: UTILIZACION MES-HOMBRE
B12: 1 | C12: =+B12+1 -> 2 | D12: =+C12+1 -> 3 | E12: =+D12+1 -> 4 | F12: 1 | G12: =+F12+1 -> 2 | H12: =+G12+1 -> 3 | I12: =+H12+1 -> 4 | J12: 1 | K12: =+J12+1 -> 2 | L12: =+K12+1 -> 3 | M12: =+L12+1 -> 4 | N12: 1 | O12: =+N12+1 -> 2 | P12: =+O12+1 -> 3 | Q12: =+P12+1 -> 4 | R12: 1 | S12: =+R12+1 -> 2 | T12: =+S12+1 -> 3 | U12: =+T12+1 -> 4 | V12: 1 | W12: =+V12+1 -> 2 | X12: =+W12+1 -> 3 | Y12: =+X12+1 -> 4 | Z12: 1 | AA12: =+Z12+1 -> 2 | AB12: =+AA12+1 -> 3 | AC12: =+AB12+1 -> 4 | AD12: 1 | AE12: =+AD12+1 -> 2 | AF12: =+AE12+1 -> 3 | AG12: =+AF12+1 -> 4 | AH12: 1 | AI12: =+AH12+1 -> 2 | AJ12: =+AI12+1 -> 3 | AK12: =+AJ12+1 -> 4 | AL12: 1 | AM12: =+AL12+1 -> 2 | AN12: =+AM12+1 -> 3 | AO12: =+AN12+1 -> 4 | AP12: 1 | AQ12: =+AP12+1 -> 2 | AR12: =+AQ12+1 -> 3 | AS12: =+AR12+1 -> 4 | AT12: 1 | AU12: =+AT12+1 -> 2 | AV12: =+AU12+1 -> 3 | AW12: =+AV12+1 -> 4 | AX12: 1 | AY12: =+AX12+1 -> 2 | AZ12: =+AY12+1 -> 3 | BA12: =+AZ12+1 -> 4 | BB12: 1 | BC12: =+BB12+1 -> 2 | BD12: =+BC12+1 -> 3 | BE12: =+BD12+1 -> 4 | BF12: 1 | BG12: =+BF12+1 -> 2 | BH12: =+BG12+1 -> 3 | BI12: =+BH12+1 -> 4 | BJ12: 1 | BK12: =+BJ12+1 -> 2 | BL12: =+BK12+1 -> 3 | BM12: =+BL12+1 -> 4 | BN12: 1 | BO12: =+BN12+1 -> 2 | BP12: =+BO12+1 -> 3 | BQ12: =+BP12+1 -> 4 | BR12: 1 | BS12: =+BR12+1 -> 2 | BT12: =+BS12+1 -> 3 | BU12: =+BT12+1 -> 4 | BV12: 1 | BW12: =+BV12+1 -> 2 | BX12: =+BW12+1 -> 3 | BY12: =+BX12+1 -> 4 | BZ12: 1 | CA12: =+BZ12+1 -> 2 | CB12: =+CA12+1 -> 3 | CC12: =+CB12+1 -> 4 | CD12: 1 | CE12: =+CD12+1 -> 2 | CF12: =+CE12+1 -> 3 | CG12: =+CF12+1 -> 4 | CH12: 1 | CI12: =+CH12+1 -> 2 | CJ12: =+CI12+1 -> 3 | CK12: =+CJ12+1 -> 4 | CL12: 1 | CM12: =+CL12+1 -> 2 | CN12: =+CM12+1 -> 3 | CO12: =+CN12+1 -> 4 | CP12: 1 | CQ12: =+CP12+1 -> 2 | CR12: =+CQ12+1 -> 3 | CS12: =+CR12+1 -> 4 | CT12: 1 | CU12: =+CT12+1 -> 2 | CV12: =+CU12+1 -> 3 | CW12: =+CV12+1 -> 4 | CX12: 1 | CY12: =+CX12+1 -> 2 | CZ12: =+CY12+1 -> 3 | DA12: =+CZ12+1 -> 4 | DB12: 1 | DC12: =+DB12+1 -> 2 | DD12: =+DC12+1 -> 3 | DE12: =+DD12+1 -> 4 | DF12: 1 | DG12: =+DF12+1 -> 2 | DH12: =+DG12+1 -> 3 | DI12: =+DH12+1 -> 4 | DJ12: 1 | DK12: =+DJ12+1 -> 2 | DL12: =+DK12+1 -> 3 | DM12: =+DL12+1 -> 4 | DN12: 1 | DO12: =+DN12+1 -> 2 | DP12: =+DO12+1 -> 3 | DQ12: =+DP12+1 -> 4 | DR12: 1 | DS12: =+DR12+1 -> 2 | DT12: =+DS12+1 -> 3 | DU12: =+DT12+1 -> 4 | DV12: 1 | DW12: =+DV12+1 -> 2 | DX12: =+DW12+1 -> 3 | DY12: =+DX12+1 -> 4 | DZ12: 1 | EA12: =+DZ12+1 -> 2 | EB12: =+EA12+1 -> 3 | EC12: =+EB12+1 -> 4 | ED12: 1 | EE12: =+ED12+1 -> 2 | EF12: =+EE12+1 -> 3 | EG12: =+EF12+1 -> 4 | EH12: 1 | EI12: =+EH12+1 -> 2 | EJ12: =+EI12+1 -> 3 | EK12: =+EJ12+1 -> 4 | EL12: 1 | EM12: =+EL12+1 -> 2 | EN12: =+EM12+1 -> 3 | EO12: =+EN12+1 -> 4 | ER12: 1 | ES12: 1 | ET12: 1 | EU12: 1 | EV12: 1 | EW12: 1 | EX12: 1 | EY12: 1 | EZ12: 1 | FA12: 1 | FB12: 1 | FC12: 1 | FD12: 1 | FE12: 1 | FF12: 1 | FG12: 1 | FH12: 1 | FI12: 1 | FJ12: 1 | FK12: 1 | FL12: 1 | FM12: 1 | FN12: 1
ER13: =+PO!C16 -> Director de Interventoría | ES13: =+PO!C17 -> Ingeniero Residente de Interventoría | ET13: =+PO!C18 -> Ingeniero Auxiliar de Interventoría | EU13: =+PO!$C$20 -> Especialista Ambiental | EV13: =+PO!$C$21 -> Especialista en Geología y/o Geotecnia | EW13: =+PO!$C$22 -> Especialista en Pavimentos y/o Vías | EX13: =+PO!$C$23 -> Especialista en Estructuras | EY13: =+PO!$C$24 -> Especialista en Hidráulica e Hidrología | EZ13: =+PO!$C$25 -> Especialista en Diseño Geométrico | FA13: =+PO!$C$26 -> Especialista en Tránsito | FB13: =+PO!$C$27 -> Especialista en Sostenibilidad | FC13: =+PO!$C$28 -> Gerente de interventoria | FD13: =+PO!$C$29 -> Profesional Social | FE13: =+PO!$C$30 -> Profesional Ambiental | FF13: =+PO!$C$31 -> Profesional Técnico Predial | FG13: =+PO!$C$32 -> Profesional Valuatorio | FH13: =+PO!$C$33 -> Profesional de Aseguramiento o Gestión de la Calidad | FI13: =+PO!$C$34 -> Auditor de calidad | FJ13: =+PO!$C$35 -> Abogado | FK13: =+PO!$C$37 -> Inspector | FL13: =+PO!$C$38 -> Topógrafo Inspector | FM13: =+PO!$C$39 -> Laboratorista Inspector | FN13: =+PO!$C$41 -> Cadenero
A14: 1. ETAPA DE PRECONSTRUCCIÓN. Seguimiento, control y revisión a los ajustes y/o actualización y/o modificación y/o elaboración de estudios complementarios y/o definitivos, elaborados por el contratista, de manera que para la revisón final se cuente con las revisiones parciales surtidas en la elaboración de los mismos. Mantenimiento Preventivo del corredor vial. Trabajos para garantizar la transitabilidad y seguridad vial del corredor vial. | B14: 1 | C14: 1 | D14: 1 | E14: 1 | F14: 1 | G14: 1 | H14: 1 | I14: 1 | J14: 1 | K14: 1 | L14: 1 | M14: 1 | EQ14: Director de Interventoría, Especialista Ambiental, Especialista en Geología y/o Geotecnia, Especialista en Pavimentos y/o Vías, Especialista en Estructuras, Especialista en Hidráulica e Hidrología, Especialista en Diseño Geométrico, Especialista en Transito, Especialista en Sostenibilidad, Líder de Integración, Profesional Social, Profesional Ambiental, Profesional Técnico Predial, Profesional de Aseguramiento o Gestión de la Calidad, Auditor de calidad, Abogado. | ER14: =10%*ER24 -> 1.8 | FC14: =0.2*FC24 -> 3.6 | FD14: =30%*FD24 -> 3.3 | FE14: =30%*FE24 -> 3.3 | FF14: =40%*FF24 -> 1.2 | FG14: =50%*FG24 -> 1.5 | FH14: =50%*FH24 -> 1 | FI14: =50%*FI24 -> 1 | FJ14: =0.05*FJ24 -> 0.1
A15: 2. ETAPA DE CONSTRUCCIÓN:
A16: 2.1. CONTROL TECNICO, FINANCIERO, ADMINISTRATIVO , LEGAL Y AMBIENTAL, PREDIAL Y SOCIAL. | B16: 1 | C16: 1 | D16: 1 | E16: 1 | F16: 1 | G16: 1 | H16: 1 | I16: 1 | J16: 1 | K16: 1 | L16: 1 | M16: 1 | N16: 1 | O16: 1 | P16: 1 | Q16: 1 | R16: 1 | S16: 1 | T16: 1 | U16: 1 | V16: 1 | W16: 1 | X16: 1 | Y16: 1 | Z16: 1 | AA16: 1 | AB16: 1 | AC16: 1 | AD16: 1 | AE16: 1 | AF16: 1 | AG16: 1 | AH16: 1 | AI16: 1 | AJ16: 1 | AK16: 1 | AL16: 1 | AM16: 1 | AN16: 1 | AO16: 1 | AP16: 1 | AQ16: 1 | AR16: 1 | AS16: 1 | AT16: 1 | AU16: 1 | AV16: 1 | AW16: 1 | AX16: 1 | AY16: 1 | AZ16: 1 | BA16: 1 | BB16: 1 | BC16: 1 | BD16: 1 | BE16: 1 | BF16: 1 | BG16: 1 | BH16: 1 | BI16: 1 | BJ16: 1 | BK16: 1 | BL16: 1 | BM16: 1 | BN16: 1 | BO16: 1 | BP16: 1 | BQ16: 1 | BR16: 1 | BS16: 1 | BT16: 1 | BU16: 1 | BV16: 1 | BW16: 1 | BX16: 1 | BY16: 1 | BZ16: 1 | CA16: 1 | CB16: 1 | CC16: 1 | CD16: 1 | CE16: 1 | CF16: 1 | CG16: 1 | CH16: 1 | CI16: 1 | CJ16: 1 | CK16: 1 | CL16: 1 | CM16: 1 | CN16: 1 | CO16: 1 | CP16: 1 | CQ16: 1 | CR16: 1 | CS16: 1 | CT16: 1 | CU16: 1 | CV16: 1 | CW16: 1 | CX16: 1 | CY16: 1 | CZ16: 1 | DA16: 1 | DB16: 1 | DC16: 1 | DD16: 1 | DE16: 1 | DF16: 1 | DG16: 1 | DH16: 1 | DI16: 1 | DJ16: 1 | DK16: 1 | DL16: 1 | DM16: 1 | DN16: 1 | DO16: 1 | DP16: 1 | DQ16: 1 | DR16: 1 | DS16: 1 | DT16: 1 | DU16: 1 | DV16: 1 | DW16: 1 | DX16: 1 | DY16: 1 | DZ16: 1 | EA16: 1 | EB16: 1 | EC16: 1 | ED16: 1 | EE16: 1 | EF16: 1 | EG16: 1 | EH16: 1 | EI16: 1 | EJ16: 1 | EK16: 1 | EL16: 1 | EM16: 1 | EN16: 1 | EO16: 1 | EQ16: Director de Interventoría, Ingeniero Residente de Interventoría, Ingeniero Auxiliar de Interventoría, Especialista Ambiental, Especialista en Geología y/o Geotecnia, Especialista en Pavimentos y/o Vías, Especialista en Estructuras, Especialista en Hidráulica e Hidrología, Especialista en Diseño Geométrico,Especialista en Transito Especialista en Sostenibilidad, Líder de Integración, Profesional Social, Profesional Ambiental, Profesional Técnico Predial, Profesional de Aseguramiento o Gestión de la Calidad, Auditor de calidad, Abogado, Inspector, Topógrafo Inspector, Laboratorista Inspector, Inspector SST, Cadenero, Auxiliar de Laboratorio. | ER16: =50%*ER24 -> 9 | ES16: =50%*ES24 -> 18 | ET16: =50%*ET24 -> 15 | FC16: =0.6*FC24 -> 10.8 | FD16: =45%*FD24 -> 4.95 | FE16: =45%*FE24 -> 4.95 | FF16: =35%*FF24 -> 1.05 | FG16: =35%*FG24 -> 1.05 | FH16: =35%*FH24 -> 0.7 | FI16: =35%*FI24 -> 0.7 | FJ16: =0.5*FJ24 -> 1 | FK16: =80%*FK24 -> 28.8 | FL16: =80%*FL24 -> 28.8 | FM16: =80%*FM24 -> 28.8 | FN16: =100%*FN24 -> 36
A17: 2.2. INFORMES SEMANALES DE SEGUIMIENTO. | B17: 1 | C17: 1 | D17: 1 | E17: 1 | F17: 1 | G17: 1 | H17: 1 | I17: 1 | J17: 1 | K17: 1 | L17: 1 | M17: 1 | N17: 1 | O17: 1 | P17: 1 | Q17: 1 | R17: 1 | S17: 1 | T17: 1 | U17: 1 | V17: 1 | W17: 1 | X17: 1 | Y17: 1 | Z17: 1 | AA17: 1 | AB17: 1 | AC17: 1 | AD17: 1 | AE17: 1 | AF17: 1 | AG17: 1 | AH17: 1 | AI17: 1 | AJ17: 1 | AK17: 1 | AL17: 1 | AM17: 1 | AN17: 1 | AO17: 1 | AP17: 1 | AQ17: 1 | AR17: 1 | AS17: 1 | AT17: 1 | AU17: 1 | AV17: 1 | AW17: 1 | AX17: 1 | AY17: 1 | AZ17: 1 | BA17: 1 | BB17: 1 | BC17: 1 | BD17: 1 | BE17: 1 | BF17: 1 | BG17: 1 | BH17: 1 | BI17: 1 | BJ17: 1 | BK17: 1 | BL17: 1 | BM17: 1 | BN17: 1 | BO17: 1 | BP17: 1 | BQ17: 1 | BR17: 1 | BS17: 1 | BT17: 1 | BU17: 1 | BV17: 1 | BW17: 1 | BX17: 1 | BY17: 1 | BZ17: 1 | CA17: 1 | CB17: 1 | CC17: 1 | CD17: 1 | CE17: 1 | CF17: 1 | CG17: 1 | CH17: 1 | CI17: 1 | CJ17: 1 | CK17: 1 | CL17: 1 | CM17: 1 | CN17: 1 | CO17: 1 | CP17: 1 | CQ17: 1 | CR17: 1 | CS17: 1 | CT17: 1 | CU17: 1 | CV17: 1 | CW17: 1 | CX17: 1 | CY17: 1 | CZ17: 1 | DA17: 1 | DB17: 1 | DC17: 1 | DD17: 1 | DE17: 1 | DF17: 1 | DG17: 1 | DH17: 1 | DI17: 1 | DJ17: 1 | DK17: 1 | DL17: 1 | DM17: 1 | DN17: 1 | DO17: 1 | DP17: 1 | DQ17: 1 | DR17: 1 | DS17: 1 | DT17: 1 | DU17: 1 | DV17: 1 | DW17: 1 | DX17: 1 | DY17: 1 | DZ17: 1 | EA17: 1 | EB17: 1 | EC17: 1 | ED17: 1 | EE17: 1 | EF17: 1 | EG17: 1 | EH17: 1 | EI17: 1 | EJ17: 1 | EK17: 1 | EL17: 1 | EM17: 1 | EN17: 1 | EO17: 1 | EQ17: Director de Interventoría, Ingeniero Residente de Interventoría, Ingeniero Auxiliar de Interventoría, Profesional Social, Profesional Ambiental, Profesional Técnico Predial, Profesional de Aseguramiento o Gestión de la Calidad, Auditor de calidad, Inspector, Topógrafo Inspector, Laboratorista Inspector, Inspector SST. | ER17: =10%*ER24 -> 1.8 | ES17: =20%*ES24 -> 7.2 | ET17: =20%*ET24 -> 6 | FD17: =5%*FD24 -> 0.55 | FE17: =5%*FE24 -> 0.55 | FF17: =5%*FF24 -> 0.15 | FG17: =5%*FG24 -> 0.15 | FH17: =5%*FH24 -> 0.1 | FI17: =5%*FI24 -> 0.1 | FK17: =20%*FK24 -> 7.2 | FL17: =20%*FL24 -> 7.2 | FM17: =20%*FM24 -> 7.2
A18: 2.3. INFORMES MENSUALES | E18: 1 | I18: 1 | M18: 1 | Q18: 1 | U18: 1 | Y18: 1 | AC18: 1 | AG18: 1 | AK18: 1 | AO18: 1 | AS18: 1 | AW18: 1 | BA18: 1 | BE18: 1 | BI18: 1 | BM18: 1 | BQ18: 1 | BU18: 1 | BY18: 1 | CC18: 1 | CG18: 1 | CK18: 1 | CO18: 1 | CS18: 1 | CW18: 1 | DA18: 1 | DE18: 1 | DI18: 1 | DM18: 1 | DQ18: 1 | DU18: 1 | DY18: 1 | EC18: 1 | EG18: 1 | EK18: 1 | EO18: 1 | EQ18: Director de Interventoría, Ingeniero Residente de Interventoría, Ingeniero Auxiliar de Interventoría, Especialista Ambiental, Especialista en Geología y/o Geotecnia, Especialista en Pavimentos y/o Vías, Especialista en Estructuras, Especialista en Hidráulica e Hidrología, Especialista en Diseño Geométrico, Especialista en Sostenibilidad, Líder de Integración, Profesional Social, Profesional Ambiental, Profesional Técnico Predial, Profesional de Aseguramiento o Gestión de la Calidad, Auditor de calidad, Abogado. | ER18: =10%*ER24 -> 1.8 | ES18: =10%*ES24 -> 3.6 | ET18: =10%*ET24 -> 3 | FC18: =0.1*FC24 -> 1.8 | FD18: =10%*FD24 -> 1.1 | FE18: =10%*FE24 -> 1.1 | FF18: =10%*FF24 -> 0.3 | FG18: =10%*FG24 -> 0.3 | FH18: =5%*FH24 -> 0.1 | FI18: =5%*FI24 -> 0.1 | FJ18: =0.05*FJ24 -> 0.1
A19: 2.4. INFORMES EJECUTIVOS. (Semanal y mensualmente, ya sea en Físico, vía Web o ambas). | B19: 1 | C19: 1 | D19: 1 | E19: 1 | F19: 1 | G19: 1 | H19: 1 | I19: 1 | J19: 1 | K19: 1 | L19: 1 | M19: 1 | N19: 1 | O19: 1 | P19: 1 | Q19: 1 | R19: 1 | S19: 1 | T19: 1 | U19: 1 | V19: 1 | W19: 1 | X19: 1 | Y19: 1 | Z19: 1 | AA19: 1 | AB19: 1 | AC19: 1 | AD19: 1 | AE19: 1 | AF19: 1 | AG19: 1 | AH19: 1 | AI19: 1 | AJ19: 1 | AK19: 1 | AL19: 1 | AM19: 1 | AN19: 1 | AO19: 1 | AP19: 1 | AQ19: 1 | AR19: 1 | AS19: 1 | AT19: 1 | AU19: 1 | AV19: 1 | AW19: 1 | AX19: 1 | AY19: 1 | AZ19: 1 | BA19: 1 | BB19: 1 | BC19: 1 | BD19: 1 | BE19: 1 | BF19: 1 | BG19: 1 | BH19: 1 | BI19: 1 | BJ19: 1 | BK19: 1 | BL19: 1 | BM19: 1 | BN19: 1 | BO19: 1 | BP19: 1 | BQ19: 1 | BR19: 1 | BS19: 1 | BT19: 1 | BU19: 1 | BV19: 1 | BW19: 1 | BX19: 1 | BY19: 1 | BZ19: 1 | CA19: 1 | CB19: 1 | CC19: 1 | CD19: 1 | CE19: 1 | CF19: 1 | CG19: 1 | CH19: 1 | CI19: 1 | CJ19: 1 | CK19: 1 | CL19: 1 | CM19: 1 | CN19: 1 | CO19: 1 | CP19: 1 | CQ19: 1 | CR19: 1 | CS19: 1 | CT19: 1 | CU19: 1 | CV19: 1 | CW19: 1 | CX19: 1 | CY19: 1 | CZ19: 1 | DA19: 1 | DB19: 1 | DC19: 1 | DD19: 1 | DE19: 1 | DF19: 1 | DG19: 1 | DH19: 1 | DI19: 1 | DJ19: 1 | DK19: 1 | DL19: 1 | DM19: 1 | DN19: 1 | DO19: 1 | DP19: 1 | DQ19: 1 | DR19: 1 | DS19: 1 | DT19: 1 | DU19: 1 | DV19: 1 | DW19: 1 | DX19: 1 | DY19: 1 | DZ19: 1 | EA19: 1 | EB19: 1 | EC19: 1 | ED19: 1 | EE19: 1 | EF19: 1 | EG19: 1 | EH19: 1 | EI19: 1 | EJ19: 1 | EK19: 1 | EL19: 1 | EM19: 1 | EN19: 1 | EO19: 1 | EQ19: Director de Interventoría, Ingeniero Residente de Interventoría, Ingeniero Auxiliar de Interventoría. | ER19: =5%*ER24 -> 0.9 | ES19: =5%*ES24 -> 1.8 | ET19: =5%*ET24 -> 1.5
A20: 2.5. INFORME TRIMESTRAL DANE: INDICADOR DE AVANCE DE OBRAS CIVILES "IAFOC" | M20: 1 | Y20: 1 | AK20: 1 | AW20: 1 | BI20: 1 | BU20: 1 | CG20: 1 | CS20: 1 | DE20: 1 | DQ20: 1 | EC20: 1 | EL20: 1 | EM20: 1 | EN20: 1 | EO20: 1 | EQ20: Director de Interventoría, Ingeniero Residente de Interventoría, Ingeniero Auxiliar de Interventoría. | ER20: =5%*ER24 -> 0.9 | ES20: =5%*ES24 -> 1.8 | ET20: =5%*ET24 -> 1.5
A21: 2.6. RECIBO FINAL DE OBRA E INTERVENTORIA | EL21: 1 | EM21: 1 | EN21: 1 | EO21: 1 | EQ21: Director de Interventoría, Ingeniero Residente de Interventoría, Ingeniero Auxiliar de Interventoría, Especialista Ambiental, Especialista en Geología y/o Geotecnia, Especialista en Pavimentos y/o Vías, Especialista en Estructuras, Especialista en Hidráulica e Hidrología, Especialista en Diseño Geométrico, Especialista en Sostenibilidad, Líder de Integración, Profesional Social, Profesional Ambiental, Profesional Técnico Predial, Profesional de Aseguramiento o Gestión de la Calidad, Auditor de calidad, Abogado. | ER21: =5%*ER24 -> 0.9 | ES21: =5%*ES24 -> 1.8 | ET21: =5%*ET24 -> 1.5 | FC21: =0.05*FC24 -> 0.9 | FD21: =5%*FD24 -> 0.55 | FE21: =5%*FE24 -> 0.55 | FF21: =5%*FF24 -> 0.15 | FG21: =5%*FG24 -> 0.15 | FH21: =5%*FH24 -> 0.1 | FI21: =5%*FI24 -> 0.1 | FJ21: =0.2*FJ24 -> 0.4
A22: 2.7. INFORME FINAL Y ENTREGA DOCUMENTOS PARA LIQUIDACION | EL22: 1 | EM22: 1 | EN22: 1 | EO22: 1 | EQ22: Director de Interventoría, Ingeniero Residente de Interventoría, Ingeniero Auxiliar de Interventoría, Especialista Ambiental, Especialista en Geología y/o Geotecnia, Especialista en Pavimentos y/o Vías, Especialista en Estructuras, Especialista en Hidráulica e Hidrología, Especialista en Diseño Geométrico, Especialista en Sostenibilidad, Líder de Integración, Profesional Social, Profesional Ambiental, Profesional Técnico Predial, Profesional Jurídico Predial, Abogado. | ER22: =5%*ER24 -> 0.9 | ES22: =5%*ES24 -> 1.8 | ET22: =5%*ET24 -> 1.5 | FC22: =0.05*FC24 -> 0.9 | FD22: =5%*FD24 -> 0.55 | FE22: =5%*FE24 -> 0.55 | FF22: =5%*FF24 -> 0.15 | FG22: =5%*FG24 -> 0.15 | FJ22: =0.2*FJ24 -> 0.4
EQ23: DEDICACIÓN TOTAL PRESUPUESTO | ER23: =SUM(ER14:ER22) -> 18 | ES23: =SUM(ES14:ES22) -> 36 | ET23: =SUM(ET14:ET22) -> 30 | FC23: =SUM(FC14:FC22) -> 18 | FD23: =SUM(FD14:FD22) -> 11 | FE23: =SUM(FE14:FE22) -> 11 | FF23: =SUM(FF14:FF22) -> 3 | FG23: =SUM(FG14:FG22) -> 3.3 | FH23: =SUM(FH14:FH22) -> 2 | FI23: =SUM(FI14:FI22) -> 2 | FJ23: =SUM(FJ14:FJ22) -> 2 | ... FN23: =SUM(FN14:FN22) -> 36
EQ24: DEDICACIÓN FORMULARIO | ER24: =+PO!F16 -> 18 | ES24: =+PO!F17 -> 36 | ET24: =+PO!F18 -> 30 | EU24: =+PO!$F$20 -> 0 | EV24: =+PO!$F$21 -> 0 | EW24: =+PO!$F$22 -> 0 | EX24: =+PO!$F$23 -> 0 | EY24: =+PO!$F$24 -> 0 | EZ24: =+PO!$F$25 -> 0 | FA24: =PO!F26 -> 0 | FB24: =+PO!$F$27 -> 0 | FC24: =+PO!$F$28 -> 18 | FD24: =+PO!$F$29 -> 11 | FE24: =+PO!$F$30 -> 11 | FF24: =+PO!$F$31 -> 3 | FG24: =+PO!$F$32 -> 3 | FH24: =+PO!$F$33 -> 2 | FI24: =+PO!$F$34 -> 2 | FJ24: =+PO!$F$35 -> 2 | FK24: =+PO!$F$37 -> 36 | FL24: =+PO!$F$38 -> 36 | FM24: =+PO!$F$39 -> 36 | FN24: =+PO!$F$41 -> 36
A25: NOTA: | EQ25: CHECK | ER25: =+ER24-ER23=0 -> TRUE | ES25: =+ES24-ES23=0 -> FALSE | ET25: =+ET24-ET23=0 -> TRUE | EU25: =+EU24-EU23=0 -> TRUE | EV25: =+EV24-EV23=0 -> TRUE | EW25: =+EW24-EW23=0 -> TRUE | EX25: =+EX24-EX23=0 -> TRUE | EY25: =+EY24-EY23=0 -> TRUE | ... FN25: =+FN24-FN23=0 -> TRUE
A26: Todas las actividades de Interventoría estan apoyadas por el Personal Logistico de la Interventoría, tales como: Secretaria, Conductor(es), campamentera.
A27: En aquellos casos en los que la participación y/o dedicación de costos directos de personal u otros costos directos tenga un valor superior al plazo indicado para desarrollo del contrato, la Entidad contempla que a lo largo de la ejecución de las obras podrá requerirse contar con una cantidad superior a un hombre-mes u otro costo directo - mes; la definición de aquellos periodos en los cuales pueda requerirse dicha condición, se definirán por parte del INVIAS, de acuerdo con la programación y avance de las obras a las cuales se ejecutará Interventoría. Así mismo, la incorporación de los recursos de Interventoría para la vigilancia y control de las obras del proyecto deberá ser gradual, de acuerdo con el desarrollo del contrato de obra y previa autorización del Supervisor de Contrato
A31: Nombre y firma del Representante Legal del Proponente
